 Dungeon Crawl Stone Soup version 0.18-a0-1800-gdc7a371 (console) character file.

256 Dingbat the Poker (level 6, 0/44 HPs)
             Began as a Merfolk Gladiator on Apr 24, 2016.
             Slain by an orc priest
             ... wielding a +0 mace
              (2 damage)
             ... on level 4 of the Dungeon.
             The game lasted 00:07:31 (4418 turns).

Dingbat the Poker (Merfolk Gladiator)               Turns: 4418, Time: 00:07:31

Health: 0/44       AC:  5    Str: 15    XL:     6   Next: 16%
Magic:  6/6        EV: 13    Int: 10    God:
Gold:   209        SH:  0    Dex: 14    Spells: 3 memorised, 0 levels left

rFire  . . .     SeeInvis .     a - +0 trident
rCold  . . .     Gourm    .     m - +0 leather armour
rNeg   . . .     Faith    .     (no shield)
rPois  .         Spirit   .     c - +0 helmet
rElec  .         Dismiss  .     h - +0 cloak
rCorr  .         Reflect  .     (no gloves)
SustAt .         Harm     .     (no boots)
MR     .....                    t - amulet of magic regeneration
Stlth  +.........               (no ring)
                                B - ring of flight

@: lethally poisoned (0 -> 0), not resistant to hostile enchantments, very
unstealthy
A: change form in water, swift swim
a: Evoke Flight


You were on level 4 of the Dungeon.
You were not hungry.

You visited 1 branch of the dungeon, and saw 5 of its levels.

You collected 209 gold pieces.

Inventory:

Hand Weapons
 a - a +0 trident (weapon)
 b - a +0 hunting sling
 k - a +0 hunting sling
 A - a +1 whip of venom
Missiles
 d - 3 throwing nets (quivered)
 n - 71 stones
 y - 16 sling bullets
Armour
 c - a +0 helmet (worn)
 h - a +0 cloak (worn)
 l - a +0 ring mail
 m - a +0 leather armour (worn)
 E - the cursed +0 ring mail of the Enchanted Forest {rElec Stlth+, unknown}
   (You took it off a gnoll on level 4 of the Dungeon)

   It insulates you from electricity.
   It makes you more stealthy.
   It has a curse placed upon it.
Magical Staves
 w - an uncursed staff of summoning {unknown}
Jewellery
 t - an amulet of magic regeneration (around neck)
 B - a ring of flight (left hand)
Wands
 x - a wand of slowing (28/48)
Scrolls
 C - a scroll of fog
Potions
 e - 2 potions of degeneration
 g - a potion of resistance
 i - a potion of berserk rage
 q - a potion of agility {unknown}
 s - a potion of magic
 u - a potion of haste {unknown}
 v - a potion of might {unknown}
 z - a potion of curing {unknown}
 D - 2 potions of heal wounds
Books
 j - a book of Spatial Translocations

   Spells                             Type                      Level
   a - Apportation                    Translocation                1
   b - Blink                          Translocation                2
   c - Shroud of Golubria             Charms/Translocation         2
   d - Portal Projectile              Translocation                3
   e - Teleport Other                 Translocation                3
   f - Passage of Golubria            Translocation                4
Comestibles
 f - a bread ration
 o - a beef jerky
 p - 2 fruits
 r - a royal jelly


   Skills:
 - Level 2.1 Fighting
 + Level 7.3 Polearms
 - Level 2.0 Throwing
 - Level 2.5 Armour
 - Level 4.0 Dodging
 * Level 1.4 Translocations


You couldn't memorise any spells.
You knew the following spells:

 Your Spells              Type           Power        Failure   Level  Hunger
a - Apportation           Tloc           #.........   30%         1    ##.....
b - Blink                 Tloc           N/A          47%         2    ###....
c - Shroud of Golubria    Chrm/Tloc      #.........   61%         2    ###....


Dungeon Overview and Level Annotations

Branches:
Dungeon (5/15)
 Temple: D:4-7

Altars:

Shops:
D:4 (

Annotations:
D:3 exclusion: downstairs
D:4 exclusion: upstairs


Message History

* * * LOW HITPOINT WARNING * * *
You feel sick.
* * * LOW HITPOINT WARNING * * *
You feel sick.
Drink which item? (? for menu, Esc to quit)
It was a potion of magic.
Magic courses through your body.
* * * LOW HITPOINT WARNING * * *
You feel sick.
Drink which item? (? for menu, Esc to quit)
It was a potion of heal wounds.
You feel much better.
You feel sick.
You start resting.
You feel sick. x18
The gnoll shouts!
You feel sick.
The orc priest shouts!
You feel sick. The orc priest hits you with a mace.
* * * LOW HITPOINT WARNING * * *
You hit the orc priest but do no damage.
The orc priest hits you with a mace.
You die...

#.##....#.##.##.#.# #.....
##.##...g#.##.##.#.# #.##.#
#.......g#.##....#.# #.##.#
#####....#.#####.#.# #.##.#
####.#.#.......#######.##.#
#.# #.#..............#.#
#.# #.#<...........ยง.#.#
#.# #.#o....########.#.#
#.# #g#@.#..# #.... #.#
#.#..#### #...# #.# #.#..##
#.#.. #.# #.#g..# #.#.# #.#
#.....# #.#.# #.# #.....#
#.#.# #.# ##.##.# #.#.# #.#
#.##.# #.#W# ####g# #....#
#.#.#


You could see an orc priest and a gnoll.

Vanquished Creatures
  An orc wizard (D:4)
  A gnoll shaman (D:3)
  A worker ant (D:4)
  A gnoll (D:4)
  8 adders
  An ooze (D:3)
  A worm (D:3)
  4 giant geckos
  2 orcs (D:3)
  2 ball pythons (D:1)
  10 bats
  5 giant cockroaches
  9 goblins
  6 hobgoblins
  2 jackals (D:3)
  3 quokkas
  4 giant newts
  9 kobolds
  12 rats
82 creatures vanquished.

Notes
Turn   | Place    | Note
--------------------------------------------------------------
     0 | D:1      | Dingbat the Merfolk Gladiator began the quest for the Orb.
     0 | D:1      | Reached XP level 1. HP: 16/16 MP: 1/1
   333 | D:1      | Reached XP level 2. HP: 22/22 MP: 2/2
   542 | D:2      | Reached skill level 5 in Polearms
   543 | D:2      | Reached skill level 1 in Armour
   711 | D:2      | Reached XP level 3. HP: 26/27 MP: 3/3
  1031 | D:2      | Reached XP level 4. HP: 23/33 MP: 4/4
  1469 | D:2      | You fall through a shaft for 2 floors!
  1495 | D:4      | Found Roucuku's Weapon Emporium.
  1510 | D:5      | Entered Level 5 of the Dungeon
  1543 | D:4      | Reached skill level 6 in Polearms
  2158 | D:5      | Reached XP level 5. HP: 23/38 MP: 5/5
  2429 | D:4      | Noticed a phantom
  3404 | D:3      | Reached skill level 7 in Polearms
  3419 | D:3      | Learned a level 1 spell: Apportation
  3422 | D:3      | Learned a level 2 spell: Blink
  4181 | D:3      | Reached skill level 1 in Translocations
  4181 | D:3      | Reached XP level 6. HP: 34/44 MP: 6/6
  4186 | D:3      | Learned a level 2 spell: Shroud of Golubria
  4376 | D:4      | Got an encrusted ring mail
  4381 | D:4      | HP: 2/44 [poisoned by a gnoll]
  4417 | D:4      | HP: 2/44 [orc priest/mace (3)]
  4418 | D:4      | Slain by an orc priest

Vault maps used:
D:1:      dpeg_arrival_solitude, st_stairs_14, minmay_crystal_room, hex_large
D:2:      st_stairs_3
D:3:      st_stairs_7
D:4:      serial_shops, shop, kennysheep_generic_room_10
D:5:      nicolae_overflow_hidden_temple, minmay_temple_entry_trees,
          first_bread, nemelex_spade_bored_becter

Skill      XL: |  1  2  3  4  5 |
---------------+----------------+-----
Polearms       | 5 6 7 |  7.3
Armour         | 1 2 |  2.5
Translocations | 1 |  1.4
Fighting       | |  2.1
Throwing       | |  2.0
Dodging        | |  4.0

Action                   |  1- 3 |  4- 6 || total
-------------------------+-------+-------++-------
Melee: Trident           |   103 |   222 ||   325
 Fire: Hunting sling     |       |    10 ||    10
Throw: Throwing net      |     1 |     5 ||     6
 Cast: Apportation       |       |     1 ||     1
  Use: Scroll            |       |     6 ||     6
       Potion            |       |     2 ||     2
 Stab: Held in net/web   |       |     1 ||     1
       Sleeping          |       |     1 ||     1
  Eat: Chunk             |       |    11 ||    11
Armor: Leather armour    |     4 |    16 ||    20
       Ring mail         |    29 |    53 ||    82
Dodge: Dodged            |    58 |   166 ||   224
